 Dungeon Crawl Stone Soup version 0.31-a0-4-gefa6de2278 (webtiles) character file.

Game seed: 13697792201550131811

2536 Ahpoh the Carver (level 9, -4/70 HPs)
             Began as a Vine Stalker Monk on May 4, 2023.
             Was a Believer of Trog.
             Succumbed to a death drake's dark miasma
             ... on level 1 of the Abyss.
             The game lasted 00:14:12 (4928 turns).

Ahpoh the Carver (Vine Stalker Monk)                Turns: 4928, Time: 00:14:13

Health: -4/70      AC: 10    Str: 14    XL:     9   Next: 55%
Magic:  2/10       EV: 11    Int: 10    God:    Trog [**....]
Gold:   405        SH:  0    Dex: 19    Spells: 8/8 levels left

rFire   + . .        C - +6 falchion (freeze)
rCold   . . .        d - orb {light}
rNeg    . . .        q - +2 scale mail {rPois}
rPois   +            (no helmet)
rElec   .            t - +0 cloak
rCorr   .            (no gloves)
SInv    .            (no boots)
Will    +....        (no amulet) Stlth
                     i - ring of protection from fire
HPRegen 1.11/turn    (no ring)
MPRegen 0.12/turn

%: guardian spirit
@: berserking (expiring), lethally poisoned (-4 -> -26), slowed, glowing
A: fangs 3, regeneration 1, magic shield, antimagic bite, no potion heal 2,
clumsy 1, mutation resistance 1
a: Renounce Religion, Berserk, Trog's Hand


You were on level 1 of the Abyss.
You worshipped Trog.
Trog was pleased with you.
You visited 2 branches of the dungeon, and saw 8 of its levels.
You visited the Abyss 1 time.
You also visited: Ossuary.

You collected 405 gold pieces.

Inventory:

Hand Weapons
 a - a +0 falchion
 b - a +2 falchion of distortion
 C - a +6 falchion of freezing (weapon)
Armour
 d - an orb of light (worn)
 q - a +2 scale mail of poison resistance (worn)
 t - a +0 cloak (worn)
Jewellery
 i - a ring of protection from fire (left hand)
 B - a +6 ring of intelligence
Wands
 p - a wand of digging (5)
 y - a wand of flame (51)
Scrolls
 e - a scroll of fog
 f - 6 scrolls of teleportation
 j - 2 scrolls of blinking
 l - 3 scrolls of amnesia {unknown}
 n - a scroll of poison
 r - a scroll of magic mapping
 s - a scroll of noise {unknown}
 x - 3 scrolls of vulnerability {unknown}
 z - a scroll of immolation
 A - a scroll of fear
 D - 2 scrolls of torment {unknown}
 E - a scroll of brand weapon
Potions
 c - a potion of ambrosia
 g - 3 potions of curing
 h - 2 potions of lignification
 k - a potion of might {unknown}
 m - a potion of attraction {unknown}
 o - 2 potions of heal wounds
 u - a potion of resistance
 v - a potion of haste {unknown}
 w - a potion of brilliance


   Skills:
 + Level 5.4 Fighting
 + Level 8.8 Long Blades
 + Level 4.3 Armour
 + Level 4.0 Dodging
 + Level 0.9 Stealth
 + Level 1.5 Evocations


You had 8 spell levels left.
You didn't know any spells.
Your spell library contained the following spells:

 Spells                   Type           Power      Damage    Failure   Level
 Necrotise                Necr           0%         1d4       83%         1
 Static Discharge         Conj/Air       0%         2-2/arc   92%         2
 Ignite Poison            Fire/Tmut/Pois 0%         N/A       99%         3
 Vampiric Draining        Necr           0%         2d6       99%         3
 Airstrike                Air            0%         2d(0-16)  100%        4
 Sticky Flame             Conj/Fire      0%         2d3       100%        4
 Summon Lightning Spire   Summ/Air       0%         N/A       100%        4
 Agony                    Necr           0%         N/A       100%        5
 Ignition                 Fire           0%         3d3       100%        8


Dungeon Overview and Level Annotations

Branches:
Dungeon (7/15)             Temple (1/1) D:5         Ossuary (visited)

Altars:
Ashenzari
Cheibriados
Dithmenos
Elyvilon
Fedhas
Gozag
Hepliaklqana
Kikubaaqudgha
Makhleb
Qazlal
Ru
Sif Muna
Trog
Uskayaw
Vehumet
Wu Jian
Xom
Yredelemnul
Zin
The Shining One

Annotations:
D:6 2 transporters


Innate Abilities, Weirdness & Mutations

You have razor-sharp teeth.
Your natural rate of healing is unusually fast.
When hurt, damage is shared between your health and your magic reserves.
Your bite disrupts and absorbs the magic of your enemies.
Potions cannot restore your health.
You are clumsy. (Dex -2)
You are somewhat resistant to further mutation.


Message History

You feel as though you will be slow longer.
The death drake closely misses you.
You closely miss the death drake.
The death drake is moderately wounded.
The death drake closely misses you.
You slash the death drake! You freeze the death drake.
The death drake is moderately wounded.
The death drake bites you.
You slash the death drake! You freeze the death drake.
The death drake is heavily wounded.
The death drake breathes miasma at you. The foul vapour misses you.
The death drake bites you.
You hit the death drake.
The death drake seems to slow down.
You freeze the death drake. You bite the death drake! You drain its power.
You feel invigorated.
The death drake is severely wounded.
You are engulfed in dark miasma.
You are poisoned.
You feel very sick.
You slash the death drake! You freeze the death drake.
Your bite misses the death drake.
The death drake is almost dead.
You are engulfed in dark miasma.
You are lethally poisoned!
* * * LOW HITPOINT WARNING * * *
x2 You feel extremely sick.
The death drake bites you.
* * * LOW HITPOINT WARNING * * *
You slash the death drake!
The death drake seems to slow down.
You freeze the death drake. You bite the death drake.
You kill the death drake!
Trog accepts your kill.
* * * LOW HITPOINT WARNING * * *
You feel extremely sick. The smoke demon gestures at you.
The sticky flame hits you. You resist.
You are covered in liquid flames!
Your Armour skill increases to level 4!
Your Dodging skill increases to level 4!
You are covered in liquid flames!
You die...

. ....
.......... ..
..##......#
......# .
......##3...
.##. ....
..............
.#.#.#..#...#
...# ..§#.
.....## .# #.
..##.##.. .# .
.......3###.#
#.. ##○##@# #.
. . #.# ...# #
##.# . ## #


You could see a smoke demon.

Vanquished Creatures
  A death drake (Abyss:1)
  A steam dragon (D:6)
  A sky beast (D:7)
  2 black bears (D:6)
  An ogre (D:5)
  An ice beast (Abyss:1)
  2 elf zombies (Ossuary)
  2 scorpions
  A bullfrog (D:6)
  2 wights (D:7)
  A howler monkey (D:5)
  5 human zombies
  A centaur zombie (Ossuary)
  A jelly (D:5)
  2 iguanas (D:6)
  3 orc priests
  A sleepcap (D:4)
  An orc wizard (D:3)
  Terence (D:2)
  A small abomination (Abyss:1)
  3 mummies (Ossuary)
  8 adders
  A shadow imp (D:5)
  A white imp (D:6)
  2 worms
  3 dart slugs
  11 orcs
  5 ball pythons
  7 bats
  4 endoplasms
  5 giant cockroaches
  7 goblins
  5 hobgoblins
  7 jackals
  3 quokkas
  3 frilled lizards
  6 kobolds
  3 rats
115 creatures vanquished.

Vanquished Creatures (others)
  5 fungi (D:1)
  6 toadstools (D:1)
11 creatures vanquished.

Grand Total: 126 creatures vanquished

Notes
Turn   | Place    | Note
-------+----------+-------------------------------------------
     0 | D:1      | Ahpoh the Vine Stalker Monk began the quest for the Orb.
     0 | D:1      | Reached XP level 1. HP: 11/11 MP: 2/2
    55 | D:1      | Reached XP level 2. HP: 16/16 MP: 3/3
    78 | D:1      | Reached skill level 3 in Long Blades
   204 | D:1      | Reached XP level 3. HP: 20/20 MP: 4/4
  1130 | D:2      | Gained mutation: Your natural rate of healing is unusually
                  | fast. [Vine Stalker growth]
  1130 | D:2      | Reached XP level 4. HP: 23/24 MP: 3/5
  1806 | D:3      | Noticed Terence
  1844 | D:2      | HP: 1/24 [Terence/+0 short sword (2)]
  1845 | D:2      | Killed Terence
  1926 | D:3      | Reached XP level 5. HP: 28/28 MP: 4/6
  2019 | D:3      | Reached skill level 4 in Long Blades
  3010 | D:4      | Found a shadowy altar of Dithmenos.
  3346 | D:4      | Reached XP level 6. HP: 32/32 MP: 7/7
  3628 | D:5      | Entered Level 5 of the Dungeon
  3660 | D:5      | Found a staircase to the Ecumenical Temple.
  3664 | Temple   | Entered the Ecumenical Temple
  3691 | Temple   | Became a worshipper of Trog the Wrathful
  3691 | Temple   | Reached * piety under Trog
  3691 | Temple   | Reached ** piety under Trog
  3738 | D:5      | Reached skill level 1 in Armour
  4033 | D:5      | Reached skill level 5 in Long Blades
  4033 | D:5      | Reached XP level 7. HP: 37/37 MP: 8/8
  4195 | D:6      | Found a transporter.
  4223 | D:6      | Reached skill level 1 in Evocations
  4258 | D:6      | Noticed a steam dragon
  4274 | D:6      | Killed a steam dragon
  4275 | D:6      | Gained mutation: You have razor-sharp teeth. [Vine Stalker
                  | growth]
  4275 | D:6      | Reached XP level 8. HP: 24/42 MP: 5/9
  4306 | D:6      | Found a transporter.
  4353 | D:6      | Found a sand-covered staircase.
  4358 | Ossuary  | Entered an ossuary
  4373 | Ossuary  | Reached skill level 6 in Long Blades
  4452 | Ossuary  | Gained mutation: You have a pair of small antennae on your
                  | head. [potion of mutation]
  4452 | Ossuary  | Gained mutation: You have sharp toenails. [potion of
                  | mutation]
  4452 | Ossuary  | Gained mutation: Your magical capacity is low. (-10% MP)
                  | [potion of mutation]
  4454 | Ossuary  | Lost mutation: You have a pair of small antennae on your
                  | head. [potion of mutation]
  4454 | Ossuary  | Lost mutation: You have sharp toenails. [potion of
                  | mutation]
  4454 | Ossuary  | Lost mutation: Your magical capacity is low. (-10% MP)
                  | [potion of mutation]
  4454 | Ossuary  | Gained mutation: You are clumsy. (Dex -2) [potion of
                  | mutation]
  4454 | Ossuary  | Gained mutation: You are somewhat resistant to further
                  | mutation. [potion of mutation]
  4530 | Ossuary  | Reached skill level 7 in Long Blades
  4615 | D:6      | Reached XP level 9. HP: 46/46 MP: 10/10
  4841 | D:7      | Reached skill level 8 in Long Blades
  4845 | D:7      | Reached skill level 5 in Fighting
  4848 | Abyss:1  | Found a corrupted altar of Lugonu.
  4848 | Abyss:1  | Cast into level 1 of the Abyss (unwielding a weapon of
                  | distortion)
  4897 | Abyss:1  | Noticed a death drake
  4903 | Abyss:1  | Noticed a smoke demon
  4908 | Abyss:1  | Found a corrupted altar of Lugonu.
  4927 | Abyss:1  | Killed a death drake
  4927 | Abyss:1  | HP: 1/70 [poisoned by a death drake (dark miasma)]
  4928 | Abyss:1  | Succumbed to a death drake's dark miasma

Illustrated notes

Levels and vault maps discovered:
D:1:      tarquinn_simple_flora_water_b, layout_loops_cross,
          nicolae_concentric_dashed_squares_mild, minmay_gold_behind_fungi
D:2:      layout_basic
D:3:      layout_loops_corners, uniq_terence
D:4:      layout_loops_corners, nicolae_dithmenos_the_darkroom
D:5:      layout_gridville, minmay_temple_entry_glassed_door
D:6:      gammafunk_steamed_eel, layout_rooms, nicolae_ossuary_entry_plus,
          grunt_ministairs_4
D:7:      layout_rooms, okawaru_ov_weapons_minmay,
          amcnicky_mini_corridor_feature
Temple:   hellmonk_temple_of_storms
Abyss:1:  base:
D:1

Skill      XL: |  1  2  3  4  5  6  7  8  9 |
---------------+----------------------------+-----
Long Blades    | 3 4 5 7 8 |  8.8
Fighting       | 3 4 5 |  5.4
Dodging        | 3 4 |  4.0
Armour         | 2 3 4 |  4.3
Evocations     | 1 |  1.5
Stealth        | |  0.9

Action                     |  1- 3 |  4- 6 |  7- 9 || total
---------------------------+-------+-------+-------++-------
  Melee: Falchion          |    89 |   129 |   134 ||   352
         Bite              |    16 |    44 |    49 ||   109
 Invoke: Berserk           |       |       |     1 ||     1
  Evoke: Wand              |       |     5 |     2 ||     7
    Use: Scroll            |       |     4 |     4 ||     8
         Potion            |       |     2 |     5 ||     7
 Armour: Robe              |    24 |     1 |       ||    25
         Scale mail        |       |    33 |    62 ||    95
  Dodge: Dodged            |    88 |    71 |    65 ||   224

Table legend: (Time is in decaauts)
 A = Elapsed time spent in this place.
 B = Non-inter-level travel time spent in this place.
 C = Inter-level travel time spent in this place.
 D = Time resting spent in this place.
 E = Time spent auto-exploring this place.
 F = Levels seen in this place.
 G = Mean time per level.
                   A        B        C        D        E       F      G
               +--------+--------+--------+--------+--------+-----+--------+
         Total |   4952 |   4768 |    184 |    107 |   3251 |  10 |  495.2 |
       Dungeon |   4624 |   4440 |    184 |    107 |   3175 |   7 |  660.6 |
        Temple |     52 |     52 |      0 |      0 |     18 |   1 |   52.0 |
         Abyss |     79 |     79 |      0 |      0 |      8 |   1 |   79.0 |
       Ossuary |    195 |    195 |      0 |      0 |     50 |   1 |  195.0 |
               +--------+--------+--------+--------+--------+-----+--------+

Top non-repeatable levels by time:
     D:1: 979 daAuts
     D:3: 939 daAuts
     D:2: 902 daAuts
     D:4: 833 daAuts
     D:6: 487 daAuts
     D:5: 464 daAuts
 Ossuary: 195 daAuts
 Abyss:1: 79 daAuts
  Temple: 52 daAuts
     D:7: 18 daAuts
